 Dungeon Crawl Stone Soup version 0.18-a0-1285-g60d00e1 (webtiles) character file.

68 M4edhros the Ducker (level 4, 0/23 HPs)
             Began as a Spriggan Chaos Knight on Feb 8, 2016.
             Succumbed to an adder's poison
             ... on level 2 of the Dungeon.
             The game lasted 00:01:38 (1166 turns).

M4edhros the Ducker (Spriggan Chaos Knight)         Turns: 1166, Time: 00:01:38

Health: 0/23       AC:  4    Str:  8    XL:     4   Next: 1%
Magic:  5/5        EV: 19    Int: 14    God:    Xom [..*...]
Gold:   52         SH:  3    Dex: 15    Spells: 0 memorised, 3 levels left

rFire  . . .     SeeInvis +     a - +0 spear (chaos)
rCold  . . .     Gourm    .     b - +2 robe
rNeg   . . .     Faith    .     (shield currently unavailable)
rPois  .         Spirit   .     (helmet restricted)
rElec  .         Dismiss  .     (no cloak)
rCorr  .         Reflect  +     (gloves unavailable)
SustAt .         Harm     .     (boots unavailable)
MR     .....                    n - +3 amulet of reflection
Stlth  +++.......               (no ring)
                                (no ring)

@: lethally poisoned (0 -> -2), very quick, not resistant to hostile
enchantments, fairly stealthy
A: unfitting armour, see invisible, herbivore 3, speed 3, slow metabolism 2
a: Renounce Religion


You were on level 2 of the Dungeon.
You worshipped Xom.
You were a toy of Xom.
You were not hungry.

You visited 1 branch of the dungeon, and saw 2 of its levels.

You collected 52 gold pieces.

Inventory:

Hand Weapons
 a - a +0 spear of chaos (weapon)
 f - a +0 whip of venom
 i - a +0 hunting sling
Missiles
 j - 57 sling bullets
 k - 45 stones (quivered)
 o - 5 javelins of penetration
Armour
 b - a +2 robe (worn)
Jewellery
 n - a +3 amulet of reflection (around neck)
Scrolls
 e - 2 scrolls of remove curse {unknown}
 g - a scroll of magic mapping {unknown}
 h - a scroll of immolation {unknown}
 l - a scroll of random uselessness {unknown}
 m - a scroll of enchant weapon {unknown}
Comestibles
 c - a bread ration
 d - a royal jelly


   Skills:
 - Level 2.4 Fighting
 - Level 2.1 Polearms
 * Level 1.7 Slings
 + Level 4.8 Dodging
 + Level 3.6 Stealth


You had 3 spell levels left.
You didn't know any spells.

Dungeon Overview and Level Annotations

Branches:
Dungeon (2/15)

Altars:


Innate Abilities, Weirdness & Mutations

You are tiny and cannot use many weapons and most armour.
You have supernaturally acute eyesight.
You are a herbivore.
You cover ground extremely quickly.
You need consume almost no food.


Message History

The adder is almost dead.
The adder closely misses you. The adder completely misses you.
You closely miss the adder.
The adder is almost dead.
* * * LOW HITPOINT WARNING * * *
You feel sick. The adder bites you.
* * * LOW HITPOINT WARNING * * *
The adder misses you.
You hit the adder. You freeze the adder.
You kill the adder!
You have reached level 4!
Unknown command.
There is a lethal amount of poison in your body!
There is a lethal amount of poison in your body!
* * * LOW HITPOINT WARNING * * *
You feel sick.
Eat which item? (? for menu, Esc to quit)
Okay, then.
You die...
Xom howls with laughter!

.... ... . # #.. . # #########
#.##.b ##. #.######......
.[.#.#..b #>. .............
..........
#.>#######.....######...#.#...
...#............@................
........#####....#######........#
...####.####......# #..##.#...
..#.......#.###..# #..##.####
.............# #..# #.....#...
....##.....#.###..######...[.....
......#....#........(...#.#......
.......#..#..#.#........###.###..
.......###..............# #.# #..


There were no monsters in sight!

Vanquished Creatures
  Terence (D:2)
  An adder (D:2)
  An ooze (D:2)
  2 giant geckos (D:1)
  A ball python (D:1)
  2 giant cockroaches
  5 hobgoblins (D:1)
  2 bats (D:1)
  3 giant newts (D:1)
  8 kobolds (D:1)
  5 rats (D:1)
31 creatures vanquished.

Notes
Turn   | Place    | Note
--------------------------------------------------------------
     0 | D:1      | M4edhros the Spriggan Chaos Knight began the quest for the Orb.
     0 | D:1      | Reached XP level 1. HP: 11/11 MP: 2/2
   214 | D:1      | Reached skill level 1 in Stealth
   214 | D:1      | XOM: harmless Pois miscast
   222 | D:1      | Reached skill level 4 in Dodging
   229 | D:1      | Reached XP level 2. HP: 16/16 MP: 3/3
   319 | D:1      | XOM: butterfly on damage
  1039 | D:1      | XOM: harmless Pois miscast
  1057 | D:2      | Noticed Terence
  1061 | D:2      | Reached XP level 3. HP: 19/19 MP: 4/4
  1067 | D:2      | XOM: butterfly on damage
  1067 | D:2      | XOM: smoke on damage
  1073 | D:2      | Killed Terence
  1073 | D:2      | Reached skill level 1 in Slings
  1159 | D:2      | Reached XP level 4. HP: 1/23 MP: 5/5
  1162 | D:2      | HP: 1/23 [poisoned by an adder]
  1166 | D:2      | Succumbed to an adder's poison

Vault maps used:
D:1:      co_arrival_random_square_maze
D:2:      minmay_misc_feat_chi, uniq_terence

Action                   |  1- 3 |  4- 6 || total
-------------------------+-------+-------++-------
Melee: Spear             |   111 |       ||   111
 Stab: Sleeping          |     3 |       ||     3
       Confused          |     1 |       ||     1
